 Dungeon Crawl Stone Soup version 0.19.0-19-g8c6edcc (webtiles) character file.

257 lorenzova the Skirmisher (level 6, -4/50 HPs)
             Began as a Formicid Monk on Nov 15, 2016.
             Slain by a hellwing (10 damage)
             ... on level 7 of the Dungeon.
             The game lasted 00:08:47 (3686 turns).

lorenzova the Skirmisher (Formicid Monk)            Turns: 3686, Time: 00:08:49

Health: -4/50      AC:  9    Str: 16 (17) XL:     6   Next: 39%
Magic:  6/6        EV:  8    Int: 13 (15) God:
Gold:   86         SH: 15    Dex: 12 (13) Spells: 0 memorised, 5 levels left

rFire  . . .     SeeInvis +     a - +0 spear
rCold  . . .     Gourm    .     m - +0 ring mail
rNeg   . . .     Faith    .     f - +2 large shield {AC+3}
rPois  .         Spirit   .     (helmet unavailable)
rElec  .         Reflect  .     (no cloak)
rCorr  .         Harm     .     r - +0 pair of gloves
MR     .....                    (no boots)
Stlth  +.........               (no amulet)
                                (no ring)
                                (no ring)

@: brilliant
A: permanent stasis, dig shafts and tunnels, four strong arms, antennae 3
a: Dig, Shaft Self


You were on level 7 of the Dungeon.
You were hungry.

You visited 1 branch of the dungeon, and saw 6 of its levels.

You collected 86 gold pieces.

Inventory:

Hand Weapons
 a - a +0 spear (weapon)
Armour
 b - a +0 robe
 f - a +2 large shield of protection (worn)
 m - a +0 ring mail (worn)
 r - a +0 pair of gloves (worn)
Scrolls
 g - 3 scrolls of remove curse
 j - 2 scrolls of fog
 k - a scroll of magic mapping {unknown}
 l - a scroll of random uselessness {unknown}
 o - a scroll of enchant armour {unknown}
 q - a scroll of enchant weapon {unknown}
Potions
 p - 2 potions of cancellation {unknown}
 s - a potion of curing {unknown}
 t - a potion of beneficial mutation {unknown}
 u - a potion of lignification {unknown}
 v - a potion of berserk rage {unknown}
 w - a potion of flight {unknown}
 z - a potion of agility {unknown}
Comestibles
 c - 2 bread rations


   Skills:
 + Level 4.8 Fighting
 - Level 3.0 Polearms
 + Level 4.1 Dodging
 - Level 2.4 Stealth
 * Level 4.0 Shields


You had 5 spell levels left.
You didn't know any spells.

Dungeon Overview and Level Annotations

Branches:
Dungeon (4/15)
 Temple: D:4-7

Altars:
Elyvilon
Kikubaaqudgha
Makhleb
Nemelex Xobeh
The Shining One

Annotations:
D:4 Nordron's ghost, amateur MiGl
D:6 Charly's ghost, amateur MiBe


Innate Abilities, Weirdness & Mutations

You are under a permanent stasis effect.
You can dig through walls and to a lower floor.
Your four strong arms can wield two-handed weapons with a shield.
You have a pair of large antennae on your head. (SInv)


Message History

The shadow imp shouts! x3
The shadow imp shouts, "Scamper home, thou erky onion-eyed foot-licker!"
Found four items.
Found a stone staircase leading down.
Are you sure you want to shaft yourself?
There are monsters nearby!
Unknown command.
The shadow imp shouts!
The wyvern skeleton bites you.
* * * LOW HITPOINT WARNING * * *
You block the centaur warrior zombie's attack.
The centaur warrior zombie hits the withered plant.
The shadow imp hits you.
* * * LOW HITPOINT WARNING * * *
Are you sure you want to shaft yourself?
You are feeling hungry.
You block the centaur warrior zombie's attack.
You block the wyvern skeleton's attack. The shadow imp barely misses you.
The hellwing swoops through the air toward you!
The hellwing hits you!
You die...

#.#....P......
#.........8...
#......8..PZ..
#.....P.8.5...
#.......).....
#.....PZ∩?....
#...Z..455..8.
#..PPZ.5.P....
#..4@8.PZ...P.
#...Z5..P...P.
#......PZP.P..
...>#.........#
..#########.###..
. .# . +#


You could see 2 hellwings, 5 shadow imps, a wolf spider zombie, 3 centaur
warrior zombies, 2 wyvern skeletons and a centaur warrior skeleton.

Vanquished Creatures
  A bullfrog (D:3)
  An orc wizard (D:3)
  An orc priest (D:4)
  A hound (D:3)
  2 adders
  An ooze (D:1)
  2 worms
  4 dart slugs
  2 leopard geckos
  6 orcs
  5 giant cockroaches
  9 goblins
  5 hobgoblins
  5 jackals
  4 kobolds
  2 quokkas
  8 bats
  5 frilled lizards
  4 rats
68 creatures vanquished.

Vanquished Creatures (others)
  A quokka (D:2)
1 creature vanquished.

Grand Total: 69 creatures vanquished

Notes
Turn   | Place    | Note
-------+----------+-------------------------------------------
     0 | D:1      | lorenzova the Formicid Monk began the quest for the Orb.
     0 | D:1      | Reached XP level 1. HP: 18/18 MP: 1/1
   285 | D:1      | Reached XP level 2. HP: 16/24 MP: 2/2
   791 | D:1      | Reached XP level 3. HP: 29/30 MP: 3/3
  1475 | D:2      | Reached skill level 1 in Shields
  1475 | D:2      | Reached XP level 4. HP: 33/37 MP: 4/4
  1748 | D:2      | Found a glowing golden altar of the Shining One.
  1806 | D:2      | Found a white marble altar of Elyvilon.
  1881 | D:2      | Found a sparkling altar of Nemelex Xobeh.
  2145 | D:3      | Reached XP level 5. HP: 16/43 MP: 5/5
  2495 | D:3      | Noticed a bullfrog
  2507 | D:3      | Killed a bullfrog
  2816 | D:3      | Reached XP level 6. HP: 49/49 MP: 6/6
  3014 | D:3      | Found a burning altar of Makhleb.
  3157 | D:4      | Noticed Nordron's ghost (amateur MiGl)
  3533 | D:4      | You fall through a shaft for 2 floors!
  3648 | D:6      | Noticed Charly's ghost (amateur MiBe)
  3660 | D:6      | Found an ancient bone altar of Kikubaaqudgha.
  3661 | D:6      | Noticed an ogre
  3683 | D:6      | You fall through a shaft!
  3683 | D:7      | Noticed a centaur warrior zombie
  3683 | D:7      | Noticed a centaur warrior zombie
  3683 | D:7      | Noticed a hellwing
  3683 | D:7      | Noticed a wolf spider zombie
  3683 | D:7      | Noticed a hellwing
  3683 | D:7      | Noticed a centaur warrior zombie
  3686 | D:7      | Slain by a hellwing

Skill      XL: |  1  2  3  4  5  6 |
---------------+-------------------+-----
Dodging        | 3 4 |  4.1
Fighting       | 4 |  4.8
Shields        | 1 2 3 4 |  4.0
Polearms       | |  3.0
Stealth        | |  2.4

Action                   |  1- 3 |  4- 6 || total
-------------------------+-------+-------++-------
Melee: Spear             |   139 |   226 ||   365
 Abil: Shaft Self        |       |     3 ||     3
  Use: Scroll            |       |     4 ||     4
       Potion            |       |     2 ||     2
 Stab: Sleeping          |     4 |     6 ||    10
       Distracted        |       |     1 ||     1
  Eat: Chunk             |     1 |     9 ||    10
Armor: Robe              |    22 |    22 ||    44
       Ring mail         |       |    28 ||    28
       Skin              |       |     2 ||     2
Dodge: Dodged            |    55 |    38 ||    93
Block: Large shield      |    51 |   157 ||   208
